 Dungeon Crawl Stone Soup version 0.30.1 (webtiles) character file.

Game seed: 17240320426032667698

12128 Sanktem7 the Cleaver (level 11, -1/99 HPs)
             Began as a Minotaur Fighter on July 11, 2023.
             Was a High Priest of Okawaru.
             Killed from afar by an electric eel (14 damage)
             ... with a bolt of electricity
             ... on level 11 of the Dungeon.
             The game lasted 00:17:06 (9495 turns).

Sanktem7 the Cleaver (Minotaur Fighter)             Turns: 9495, Time: 00:17:06

Health: -1/99      AC: 22    Str: 33    XL:     11   Next: 58%
Magic:  11/11      EV: 13    Int:  5    God:    Okawaru [*****.]
Gold:   460        SH: 12    Dex: 10    Spells: 10/10 levels left

rFire   . . .        f - +6 broad axe (flame) {axe}
rCold   + . .        t - +1 buckler of the Moon {Harm rC+ Str+2}
rNeg    . . .        O - +0 plate armour
rPois   .            (helmet restricted)
rElec   .            E - +2 cloak
rCorr   .            s - +2 pair of gloves
SInv    .            M - +0 pair of boots
Will    .....        H - amulet of reflection Stlth
                     m - +5 ring of evasion
HPRegen 0.36/turn    D - +6 ring of strength
MPRegen 0.12/turn

%: harm (+30% outgoing, +20% incoming), reflection
@: no status effects
A: horns 2, retaliatory headbutt
a: Renounce Religion, Heroism, Finesse, Duel


You were on level 11 of the Dungeon.
You worshipped Okawaru.
Okawaru was extremely pleased with you.
You visited 2 branches of the dungeon, and saw 12 of its levels.
You also visited: Bailey.

You collected 839 gold pieces.
You spent 379 gold pieces at shops.


Innate Abilities, Weirdness & Mutations

You have a pair of horns on your head.
You reflexively headbutt those who attack you in melee.


   Skills:
 + Level 10.0 Fighting
 * Level 13.2 Axes
 + Level 6.4 Throwing
 + Level 10.0 Armour
 + Level 10.0 Shields
 + Level 1.9 Invocations


You had 10 spell levels left.
You didn't know any spells.
Your spell library contained the following spells:

 Spells                   Type           Power      Damage    Failure   Level
 Blink                    Tloc           0%         N/A       99%         2
 Cigotuvi's Dreadful Rot  Necr/Pois/Air  0%         N/A       99%         2
 Lesser Beckoning         Tloc           0%         N/A       99%         2
 Momentum Strike          Conj/Tloc      0%         3d8       99%         2
 Hailstorm                Conj/Ice       0%         3d3       100%        3
 Ozocubu's Armour         Ice            0%         N/A       100%        3
 Portal Projectile        Hex/Tloc       0%         N/A       100%        3
 Dispel Undead            Necr           0%         3d6       100%        4
 Ice Form                 Ice/Tmut       0%         N/A       100%        4
 Leda's Liquefaction      Hex/Erth       0%         N/A       100%        4
 Metabolic Englaciation   Hex/Ice        0%         N/A       100%        5
 Call Canine Familiar     Summ           Unusable   N/A       N/A         3
 Death Channel            Necr           Unusable   N/A       N/A         6
 Simulacrum               Ice/Necr       Unusable   N/A       N/A         6

Inventory:

Hand Weapons
 f - a +6 broad axe of flaming (weapon) {axe}
   (You bought it in a shop on level 5 of the Dungeon)
Missiles
 b - 55 stones (quivered) {throwing}
 e - 8 poisoned darts {throwing}
 y - 2 curare-tipped darts {=fthrowing}
 N - 4 boomerangs {throwing}
Armour
 s - a +2 pair of gloves (worn)
   (You found it on level 2 of the Dungeon)
 t - the +1 buckler of the Moon (worn) {Harm rC+ Str+2}
   (You found it on level 2 of the Dungeon)

   Str:       It affects your strength (+2).
   rC:        It protects you from cold.
   Harm:      It increases damage dealt and taken.
 B - a scarf of harm
   (You found it on level 10 of the Dungeon)
 E - a +2 cloak (worn)
   (You took it off Crazy Yiuf on level 6 of the Dungeon)
 M - a +0 pair of boots (worn)
   (You found it on level 5 of the Dungeon)
 O - a +0 plate armour (worn)
   (You found it on level 5 of the Dungeon)
Jewellery
 m - a +5 ring of evasion (left hand)
   (You found it on level 1 of the Dungeon)
 D - a +6 ring of strength (right hand)
   (You found it on level 3 of the Dungeon)
 H - an amulet of reflection (around neck)
   (You found it on level 9 of the Dungeon)
Wands
 a - a wand of flame (24)
   (You found it on level 7 of the Dungeon)
 u - a wand of roots (8)
   (You found it on level 10 of the Dungeon)
 C - a wand of digging (5)
   (You found it on level 8 of the Dungeon)
 F - a wand of charming (7)
   (You found it on level 8 of the Dungeon)
 G - a wand of polymorph (13)
   (You found it on level 9 of the Dungeon)
Scrolls
 c - a scroll of butterflies
 g - 4 scrolls of teleportation {@r4}
 j - a scroll of poison {!r}
 p - a scroll of fog
 r - a scroll of acquirement {unknown}
 v - 2 scrolls of amnesia
 z - 2 scrolls of identify {@r1}
Potions
 d - 5 potions of might
 h - 6 potions of cancellation
 i - 5 potions of curing {@q1}
 k - 3 potions of invisibility {unknown}
 l - 2 potions of magic {unknown}
 n - 5 potions of attraction {!q}
 o - 6 potions of heal wounds {@q2}
 q - 6 potions of brilliance
 w - 2 potions of haste {unknown}
 x - 2 potions of resistance {unknown}
 A - a potion of degeneration {unknown}
 J - 4 potions of mutation {unknown}
Miscellaneous
 I - a condenser vane
   (You found it on level 10 of the Dungeon)

Dungeon Overview and Level Annotations

Branches:
Dungeon (11/15) Zot: 26777  Temple (1/1) D:7 Zot: 5973     Orc (0/2) D:9
 Bailey (visited)
   Lair: D:8-11

Altars:
Ashenzari
Cheibriados
Elyvilon
Gozag
Hepliaklqana
Makhleb
Nemelex Xobeh
Okawaru
Qazlal
Ru
Sif Muna
Trog
Uskayaw
Vehumet
Wu Jian
Xom
Yredelemnul

Shops:
D:3 (   D:5 (   D:6 [!?[ D:8

? ..##....# ≈≈≈≈≈≈≈≈≈≈≈
#.##....# ≈≈≈≈≈≈≈≈≈≈
#.##....# ≈≈≈≈≈≈≈≈≈≈
#.##....# ≈≈≈≈≈S≈≈≈
#.##[...# ≈≈≈≈≈≈≈≈≈
#..'....#########S≈≈≈≈≈≈≈
####....#.<.##..†.S≈~~≈≈≈
.)##....#.#.##...(~~.~≈≈≈
..##......#.##..@†..~~≈≈≈
....#######.##.......≈~≈≈
.##.# #...........~~~
.##.##########..........#
.##..........#..........#
).....†......#+##########
#.##.........
>.##.........
##########.#.


You could see 3 electric eels.


Message History

You slash the killer bee! You burn the killer bee.
You kill the killer bee!
Okawaru accepts your kill.
You miss the killer bee. The killer bee closely misses you.
You block the killer bee's attack.
Two slime creatures merge to form a very large slime creature.
The killer bee stings you but does no damage. x3
You slice the very large slime creature!!
You burn the very large slime creature. You closely miss the killer bee.
You slice the killer bee!! You burn the killer bee.
You kill the killer bee!
Okawaru accepts your kill.
You hit the killer bee but do no damage.
The killer bee stings you but does no damage.
The killer bee stings you.
The very large slime creature barely misses you.
You furiously retaliate!
You headbutt the very large slime creature!
You block the killer bee's attack. x2
You slice the very large slime creature!!
You burn the very large slime creature! You hit the killer bee.
You burn the killer bee. You slash the vampire mosquito!
You burn the vampire mosquito. You hit the killer bee. You burn the killer bee.
You block the vampire mosquito's attack.
The killer bee stings you but does no damage. x2
The very large slime creature hits you!!
An electric eel comes into view.
The vampire mosquito barely misses you. The killer bee misses you.
The killer bee barely misses you. You furiously retaliate!
You headbutt the killer bee!
You kill the killer bee!
Okawaru accepts your kill.
You are too injured to fight recklessly!
You are too injured to fight recklessly!
You are too injured to fight recklessly!
You are too injured to fight recklessly!
You are too injured to fight recklessly!
You are too injured to fight recklessly! 😮 HP[-34]
You take 34 damage, and now have 55/99 hp.
MASSIVE DAMAGE!! (PAUSE)
You slash the killer bee! You burn the killer bee.
You kill the killer bee!
Okawaru accepts your kill.
You barely miss the vampire mosquito.
You slash the very large slime creature!
You burn the very large slime creature.
The vampire mosquito bites you but does no damage.
The very large slime creature closely misses you.
The vampire mosquito bites you but does no damage. 😮 HP[+1]
The vampire mosquito barely misses you. The very large slime creature hits you!
* * * LOW HITPOINT WARNING * * *
The vampire mosquito completely misses you. 😨 HP[-18]
You take 18 damage, and now have 38/99 hp.
Unknown command.
You slash the very large slime creature!
You burn the very large slime creature.
You kill the very large slime creature!
Okawaru accepts your kill. Okawaru grants you throwing weapons!
Something appears at your feet!
You slash the vampire mosquito! You burn the vampire mosquito.
You destroy the vampire mosquito!
Okawaru accepts your kill.
You closely miss the electric eel.
The electric eel shoots out a bolt of lightning at you!
The bolt of electricity hits the electric eel.
The electric eel completely resists.
The bolt of electricity hits you!
* * * LOW HITPOINT WARNING * * *
The electric eel shoots out a bolt of lightning at you!
The bolt of electricity hits you.
* * * LOW HITPOINT WARNING * * *
Your Fighting skill increases to level 10!
Your Armour skill increases to level 10!
Your Shields skill increases to level 10! 😱 HP[-14]
You take 14 damage, and now have 24/99 hp.
You slash the electric eel! You burn the electric eel.
The electric eel shoots out a bolt of lightning at you!
The bolt of electricity hits the electric eel.
The electric eel completely resists.
The bolt of electricity hits you!
* * * LOW HITPOINT WARNING * * *
😱 HP[-9] MP[+1]
You take 9 damage, and now have 15/99 hp.
Your mp is fully restored (11).
You barely miss the electric eel. Your headbutt misses the electric eel.
The electric eel shoots out a bolt of lightning at you!
The bolt of electricity hits the electric eel.
The electric eel completely resists.
The bolt of electricity hits you.
* * * LOW HITPOINT WARNING * * *
The electric eel shoots out a bolt of lightning at you!
The bolt of electricity misses you. 😱 HP[-2]
You take 2 damage, and now have 13/99 hp.
The electric eel shoots out a bolt of lightning at you!
The bolt of electricity hits the electric eel.
The electric eel completely resists.
The bolt of electricity hits you!
You die...

Skill      XL: |  1  2  3  4  5  6  7  8  9 10 11 |
---------------+----------------------------------+-----
Axes           | 3 4 5 6 7 9 10 12 13 | 13.2
Armour         | 4 5 6 7 8 9 10 | 10.0
Shields        | 4 5 6 7 8 9 10 | 10.0
Fighting       | 4 5 6 7 8 9 10 | 10.0
Throwing       | 2 4 5 6 |  6.4
Invocations    | 1 |  1.9

Action                     |  1- 3 |  4- 6 |  7- 9 | 10-12 || total
---------------------------+-------+-------+-------+-------++-------
  Melee: War axe           |    88 |    71 |   115 |       ||   274
         Headbutt          |    11 |    11 |    28 |    20 ||    70
         Broad axe         |       |       |    83 |   162 ||   245
    Use: Scroll            |       |       |    21 |       ||    21
 Armour: Scale mail        |    37 |     9 |       |       ||    46
         Chain mail        |       |    27 |     6 |       ||    33
         Plate armour      |       |       |    84 |    82 ||   166
  Dodge: Dodged            |    49 |    52 |   150 |    86 ||   337
  Block: Buckler           |    23 |    25 |    65 |    67 ||   180
         Reflection        |       |       |       |     2 ||     2

Levels and vault maps discovered:
D:1:      dreamdust_arrival_sigmund_warning, layout_basic, serial_forest,
          infiniplex_forest_lined_2, infiniplex_forest_join,
          infiniplex_forest_end_3, infiniplex_forest_straight_4,
          infiniplex_forest_lined_4_way, infiniplex_forest_clump_double,
          infiniplex_forest_3_way, infiniplex_forest_zigzag_1,
          infiniplex_forest_clump_C
D:2:      layout_basic, minmay_misc_feat_tower, minmay_pentomino_p2
D:3:      layout_basic, chei_slow_surprise, mainiacjoe_overflow_24_doors,
          nicolae_overflow_crystal_walls, ashenzari_conservatory_becter,
          serial_shops, shop, serial_curves, eino_curves_02, eino_curves_01,
          hellmonk_no_cap
D:4:      layout_rooms, nicolae_wu_jian_wuxing_cycle
D:5:      layout_basic, serial_shops, nicolae_shop_peninsula,
          uniq_prince_ribbit1, uniq_ijyb, uniq_menkaure, uniq_blork_the_orc,
          uniq_eustachio
D:6:      layout_loops_cross, lemuel_tele_altar, serial_shops,
          nicolae_square_shop, nicolae_shop_just_a_little_nook,
          nicolae_shop_tiny_glass, shop, uniq_crazy_yiuf_cottage
D:7:      layout_loops_corners, minmay_temple_entry_glass, uniq_maggie
D:8:      layout_gridville, grunt_temple_overflow_cloverleaf, bloody_makhleb,
          serial_shops, nicolae_shop_hallway_stairs, enter_bailey_5,
          minmay_misc_feat_iff, kennysheep_kite_vault, uniq_pikel, uniq_joseph,
          uniq_grum
D:9:      layout_rooms, mainiacjoe_overflow_paths, david_orc_3
D:10:     layout_basic, kennysheep_generic_room_14
D:11:     layout_basic, dpeg_oklobed_lair, nicolae_elemental_shop
Temple:   zaba_magenta_temple

Notes
Turn   | Place    | Note
-------+----------+-------------------------------------------
     0 | D:1      | Sanktem7 the Minotaur Fighter began the quest for the Orb.
     0 | D:1      | Reached XP level 1. HP: 19/19 MP: 0/0
     0 | D:1      | magus.rc [v1.9.6]
   151 | D:1      | Reached XP level 2. HP: 27/27 MP: 1/1
   297 | D:1      | Reached skill level 3 in Axes
   391 | D:1      | Reached XP level 3. HP: 25/33 MP: 2/2
   450 | D:1      | Reached skill level 4 in Armour
   459 | D:1      | Reached skill level 4 in Shields
   684 | D:2      | Reached skill level 4 in Fighting
   976 | D:2      | You pick up a book of Winter and begin reading...
   976 | D:2      | You add the spells Ozocubu's Armour, Metabolic Englaciation
                  | and Simulacrum to your library.
  1066 | D:2      | Identified the +1 buckler of the Moon {Harm rC+ Str+2}
  1421 | D:3      | Found Dimaaxef's Weapon Shoppe.
  1489 | D:3      | Found a radiant altar of Vehumet.
  1505 | D:3      | Reached XP level 4. HP: 40/40 MP: 3/3
  1583 | D:3      | Reached skill level 4 in Axes
  1598 | D:3      | Reached XP level 5. HP: 28/47 MP: 4/4
  1946 | D:3      | Found a broken altar of Ashenzari.
  1999 | D:3      | Found a shimmering blue altar of Sif Muna.
  2119 | D:3      | You pick up a book of Spatial Translocations and begin
                  | reading...
  2119 | D:3      | You add the spells Blink, Momentum Strike and Lesser
                  | Beckoning to your library.
  2151 | D:3      | Found a snail-covered altar of Cheibriados.
  2430 | D:4      | Noticed a black bear
  2434 | D:4      | Killed a black bear
  2435 | D:4      | Reached skill level 5 in Axes
  2435 | D:4      | Reached skill level 5 in Shields
  2435 | D:4      | Reached XP level 6. HP: 55/55 MP: 5/5
  2455 | D:4      | Reached skill level 5 in Fighting
  2455 | D:4      | Reached skill level 5 in Armour
  2629 | D:4      | Found an ornate altar of the Wu Jian Council.
  2647 | D:4      | Reached skill level 6 in Axes
  2647 | D:4      | Reached XP level 7. HP: 61/61 MP: 6/6
  2920 | D:5      | Entered Level 5 of the Dungeon
  2920 | D:5      | Noticed Ijyb
  2924 | D:5      | Killed Ijyb
  3087 | D:5      | Noticed Blork the orc
  3100 | D:5      | Killed Blork the orc
  3199 | D:5      | Noticed Prince Ribbit
  3203 | D:5      | Reached skill level 7 in Axes
  3210 | D:5      | Killed Prince Ribbit
  3211 | D:5      | Reached skill level 6 in Fighting
  3211 | D:5      | Reached skill level 6 in Armour
  3211 | D:5      | Reached skill level 6 in Shields
  3211 | D:5      | Reached XP level 8. HP: 43/70 MP: 7/7
  3459 | D:5      | Noticed Eustachio
  3471 | D:5      | Killed Eustachio
  3472 | D:5      | Reached skill level 1 in Throwing
  3628 | D:5      | Found Vesor's Weapon Boutique.
  3734 | D:5      | Noticed Menkaure
  3738 | D:5      | Killed Menkaure
  3739 | D:5      | Reached skill level 8 in Axes
  3980 | D:6      | Found Viniph's Distillery.
  3999 | D:6      | Found Vemopp's Antique Armour Boutique.
  4063 | D:6      | Found a hide-covered altar of Uskayaw.
  4088 | D:6      | Reached skill level 2 in Throwing
  4118 | D:6      | Reached skill level 7 in Armour
  4206 | D:6      | Found Galan's Armour Emporium.
  4248 | D:6      | Found Batsul's Magic Scroll Shoppe.
  4264 | D:6      | Reached skill level 7 in Fighting
  4264 | D:6      | Reached skill level 9 in Axes
  4264 | D:6      | Reached skill level 7 in Shields
  4267 | D:6      | You pick up a book of the Tundra and begin reading...
  4267 | D:6      | You add the spells Hailstorm and Ice Form to your library.
  4666 | D:6      | Found a runed translucent door.
  4667 | D:6      | Noticed Crazy Yiuf
  4672 | D:6      | Killed Crazy Yiuf
  4673 | D:6      | Reached XP level 9. HP: 79/79 MP: 8/8
  4722 | D:5      | Bought a +4 broad axe of flaming for 379 gold pieces
  5023 | D:7      | Noticed Maggie
  5031 | D:7      | Killed Maggie
  5032 | D:7      | Reached skill level 3 in Throwing
  5311 | D:7      | Found a staircase to the Ecumenical Temple.
  5329 | Temple   | Entered the Ecumenical Temple
  5342 | Temple   | Became a worshipper of Warmaster Okawaru
  5740 | D:8      | Found Qesisen's Magic Scroll Boutique.
  5759 | D:8      | Found a flagged portal.
  5781 | Bailey   | Entered a bailey
  6001 | Bailey   | Reached skill level 10 in Axes
  6319 | D:8      | Noticed Pikel
  6323 | D:8      | Killed Pikel
  6323 | D:8      | Reached * piety under Okawaru
  6324 | D:8      | Reached skill level 8 in Fighting
  6324 | D:8      | Reached skill level 4 in Throwing
  6324 | D:8      | Reached skill level 8 in Armour
  6324 | D:8      | Reached skill level 8 in Shields
  6337 | D:8      | Reached ** piety under Okawaru
  6374 | D:8      | Reached XP level 10. HP: 76/88 MP: 9/9
  6383 | D:8      | Reached skill level 11 in Axes
  6383 | D:8      | Identified the +2 robe of Spite {Str+3}
  6527 | D:8      | Noticed Joseph
  6534 | D:8      | Killed Joseph
  6577 | D:8      | Noticed Grum
  6587 | D:8      | Killed Grum
  6621 | D:8      | Reached *** piety under Okawaru
  6741 | D:8      | Found a burning altar of Makhleb.
  6855 | D:8      | Found a basalt altar of Yredelemnul.
  6863 | D:8      | Found a shimmering altar of Xom.
  6892 | D:8      | Found a white marble altar of Elyvilon.
  6895 | D:8      | Found a bloodstained altar of Trog.
  7114 | D:9      | Reached skill level 5 in Throwing
  7122 | D:9      | Reached skill level 9 in Fighting
  7122 | D:9      | Reached skill level 9 in Armour
  7122 | D:9      | Reached skill level 9 in Shields
  7156 | D:9      | Found a staircase to the Orcish Mines.
  7158 | D:9      | Noticed a two-headed ogre
  7166 | D:9      | Killed a two-headed ogre
  7167 | D:9      | Reached skill level 12 in Axes
  7167 | D:9      | Noticed a two-headed ogre
  7168 | D:9      | Reached **** piety under Okawaru
  7180 | D:9      | HP: 22/91 [two-headed ogre/+0 dire flail (12)]
  7381 | D:8      | Killed a two-headed ogre
  7382 | D:8      | Reached XP level 11. HP: 72/97 MP: 10/10
  7561 | D:9      | Noticed a two-headed ogre
  7568 | D:9      | Killed a two-headed ogre
  7582 | D:9      | Noticed a two-headed ogre
  7587 | D:9      | Killed a two-headed ogre
  7587 | D:9      | Reached ***** piety under Okawaru
  7588 | D:9      | Reached skill level 6 in Throwing
  7866 | D:9      | Found a sparkling altar of Nemelex Xobeh.
  8208 | D:10     | Entered Level 10 of the Dungeon
  8392 | D:10     | You pick up a book of the Hunter and begin reading...
  8392 | D:10     | You add the spells Portal Projectile and Leda's
                  | Liquefaction to your library.
  9154 | D:10     | Reached skill level 13 in Axes
  9154 | D:10     | Reached skill level 1 in Invocations
  9445 | D:11     | You pick up a book of Decay and begin reading...
  9445 | D:11     | You add the spells Cigotuvi's Dreadful Rot and Dispel
                  | Undead to your library.
  9492 | D:11     | Received a gift from Okawaru
  9492 | D:11     | HP: 24/99 [electric eel/bolt of electricity (6)]
  9493 | D:11     | Reached skill level 10 in Fighting
  9493 | D:11     | Reached skill level 10 in Armour
  9493 | D:11     | Reached skill level 10 in Shields
  9495 | D:11     | Killed from afar by an electric eel

Vanquished Creatures
  4 two-headed ogres
  Pikel (D:8)
  Joseph (D:8)
  Maggie (D:7)
  An unseen horror (D:10)
  A komodo dragon (D:10)
  A hornet (D:11)
  Prince Ribbit (D:5)
  2 slime creatures (D:11)
  A vampire (D:10)
  A wraith (D:10)
  5 yaks (D:9)
  A steam dragon (D:8)
  2 vampire mosquitoes (D:11)
  Eustachio (D:5)
  Grum (D:8)
  Menkaure (D:5)
  3 water moccasins
  An ice beast (D:7)
  2 sky beasts
  6 black bears
  5 orc warriors
  2 centaurs
  2 wolves (D:8)
  A phantom (D:5)
  2 kobold brigands
  2 lemures (D:8)
  Blork the orc (D:5)
  2 gnoll sergeants
  6 bullfrogs
  2 scorpions
  5 wights (D:8)
  21 killer bees
  3 howler monkeys
  2 gnoll boudas
  2 orc priests
  A hound (D:4)
  2 jellies (D:8)
  Crazy Yiuf (D:6)
  9 sleepcaps
  3 iguanas
  5 orc wizards
  Ijyb (D:5)
  30 gnolls
  7 adders
  A shadow imp (D:7)
  4 white imps
  3 ufetubi
  3 worms
  A dart slug (D:2)
  41 orcs
  6 endoplasms
  6 giant cockroaches
  9 goblins
  5 hobgoblins
  6 jackals
  7 kobolds
  3 quokkas (D:2)
  6 ball pythons
  4 bats (D:1)
  3 frilled lizards
  7 rats
270 creatures vanquished.

Table legend:
 A = Non-vault XP
 B = Vault XP
 C = Vault XP percentage of total XP
 D = Non-vault monster count
 E = Vault monster count
 F = Vault count percentage of total count
                 A         B        C        D         E       F
            +---------+---------+-------+---------+---------+-------
      Total |   12400 |    4926 |  28.4 |     196 |      72 |  26.9
            +---------+---------+-------+---------+---------+-------
        D:1 |      47 |       0 |   0.0 |      22 |       0 |   0.0
        D:2 |      47 |       2 |   4.1 |      20 |       1 |   4.8
        D:3 |      18 |     158 |  89.8 |       8 |       5 |  38.5
        D:4 |     502 |       0 |   0.0 |      18 |       0 |   0.0
        D:5 |     617 |     759 |  55.2 |      13 |       5 |  27.8
        D:6 |     614 |      41 |   6.3 |      26 |       1 |   3.7
        D:7 |     634 |     424 |  40.1 |      12 |       1 |   7.7
        D:8 |    1871 |    2817 |  60.1 |      17 |      25 |  59.5
        D:9 |    4444 |     402 |   8.3 |      28 |       8 |  22.2
       D:10 |    1253 |       0 |   0.0 |      10 |       0 |   0.0
       D:11 |    2353 |       0 |   0.0 |      22 |       0 |   0.0
     Bailey |       0 |     323 | 100.0 |       0 |      26 | 100.0
            +---------+---------+-------+---------+---------+-------

Skill      XL: |  1  2  3  4  5  6  7  8  9 10 11 |
---------------+----------------------------------+-----
Axes           | 3 4 5 6 7 9 10 12 13 | 13.2
Armour         | 4 5 6 7 8 9 10 | 10.0
Shields        | 4 5 6 7 8 9 10 | 10.0
Fighting       | 4 5 6 7 8 9 10 | 10.0
Throwing       | 2 4 5 6 |  6.4
Invocations    | 1 |  1.9

Action                     |  1- 3 |  4- 6 |  7- 9 | 10-12 || total
---------------------------+-------+-------+-------+-------++-------
  Melee: War axe           |    88 |    71 |   115 |       ||   274
         Headbutt          |    11 |    11 |    28 |    20 ||    70
         Broad axe         |       |       |    83 |   162 ||   245
    Use: Scroll            |       |       |    21 |       ||    21
 Armour: Scale mail        |    37 |     9 |       |       ||    46
         Chain mail        |       |    27 |     6 |       ||    33
         Plate armour      |       |       |    84 |    82 ||   166
  Dodge: Dodged            |    49 |    52 |   150 |    86 ||   337
  Block: Buckler           |    23 |    25 |    65 |    67 ||   180
         Reflection        |       |       |       |     2 ||     2

Illustrated notes

Table legend:
 A = Kills in this place as a percentage of kills in the entire game.
 B = Kills by you in this place as a percentage of kills by you in the entire game.
 C = Kills by friends in this place as a percentage of kills by friends in the entire game.
 D = Other kills in this place as a percentage of other kills in the entire game.
 E = Experience gained in this place as a percentage of experience gained in the entire game.
 F = Experience gained in this place divided by the number of levels of this place that you have seen.
                   A       B       C       D       E      F
               +-------+-------+-------+-------+-------+----------------------
         Total | 100.0 | 100.0 |   N/A |   N/A | 100.0 | 1332.8
       Dungeon |  90.3 |  90.3 |   N/A |   N/A |  98.1 | 1545.7
        Bailey |   9.7 |   9.7 |   N/A |   N/A |   1.9 | 323.0
               +-------+-------+-------+-------+-------+----------------------

Table legend: (Time is in decaauts)
 A = Elapsed time spent in this place.
 B = Non-inter-level travel time spent in this place.
 C = Inter-level travel time spent in this place.
 D = Time resting spent in this place.
 E = Time spent auto-exploring this place.
 F = Levels seen in this place.
 G = Mean time per level.
                   A        B        C        D        E       F      G
               +--------+--------+--------+--------+--------+-----+--------+
         Total |   9577 |   9227 |    350 |    360 |   7419 |  13 |  736.7 |
       Dungeon |   9033 |   8683 |    350 |    259 |   7090 |  11 |  821.2 |
        Temple |     26 |     26 |      0 |      0 |      7 |   1 |   26.0 |
        Bailey |    517 |    517 |      0 |    101 |    322 |   1 |  517.0 |
               +--------+--------+--------+--------+--------+-----+--------+

Top non-repeatable levels by time:
     D:5: 1135 daAuts
     D:8: 1132 daAuts
    D:10: 1063 daAuts
     D:3: 980 daAuts
     D:7: 872 daAuts
     D:9: 835 daAuts
     D:6: 800 daAuts
     D:2: 751 daAuts
     D:1: 696 daAuts
     D:4: 542 daAuts
  Bailey: 517 daAuts
    D:11: 222 daAuts
  Temple: 26 daAuts
